 Dungeon Crawl Stone Soup version 0.21.0 (webtiles) character file.

6568 tcjsavannah the Brawler (level 10, -3/85 HPs)
             Began as a Troll Hunter on Jan 6, 2018.
             Was a Believer of Ru.
             Slain by a tengu warrior
             ... wielding a +2 battleaxe of chopping
              (13 damage)
             ... on level 10 of the Dungeon.
             The game lasted 00:24:45 (7371 turns).

tcjsavannah the Brawler (Troll Hunter)              Turns: 7371, Time: 00:24:46

Health: -3/85      AC:  9    Str: 30    XL:     10   Next: 70%
Magic:  9/9        EV: 12    Int: 14    God:    Ru [**....]
Gold:   626        SH:  4    Dex:  7    Spells: 9/9 levels left

rFire    . . .     SeeInvis .     - Unarmed
rCold    . . .     Gourm    +   (no shield)
rNeg     + . .     Faith    .   C - +2 robe {MR+}
rPois    .         Spirit   .   (helmet restricted)
rElec    .         Reflect  +   A - +1 cloak
rCorr    .         Harm     .   (gloves unavailable)
MR       ++...                  (boots unavailable)
Stlth    ..........             x - +4 amulet of reflection
HPRegen  0.64/turn              i - ring of protection from magic
MPRegen  0.11/turn              y - ring "Bogoly Cilont" {rN+ EV+3 Int+7 Dex-3}

@: mighty
A: large, unfitting armour, claws 3, fast metabolism 3, gourmand, regeneration
1, shaggy fur 1, tough skin 2, no stealth, hated by all
a: Renounce Religion


You were on level 10 of the Dungeon.
You worshipped Ru.
Ru was pleased with you.
You were completely stuffed.

You visited 2 branches of the dungeon, and saw 11 of its levels.

You collected 626 gold pieces.

Inventory:

Hand Weapons
 b - a +0 blowgun
Missiles
 c - 4 large rocks
 m - 71 poisoned needles
 B - 7 tomahawks (quivered)
Armour
 v - a +2 robe of cold resistance
 A - a +1 cloak (worn)
 C - a +2 robe of magic resistance (worn)
Jewellery
 i - a ring of protection from magic (left claw)
 o - a +3 ring of dexterity
 x - a +4 amulet of reflection (around neck)
 y - the ring "Bogoly Cilont" (right claw) {rN+ EV+3 Int+7 Dex-3}
   (You found it on level 5 of the Dungeon)

   [ring of evasion]

   It affects your evasion (+3).
   It affects your intelligence (+7).
   It affects your dexterity (-3).
   It protects you from negative energy.
Wands
 t - a wand of acid (14)
 u - a wand of paralysis (11)
 w - a wand of iceblast (33)
 G - a wand of clouds (5)
 I - a wand of polymorph (11)
 K - a wand of scattershot (4)
Scrolls
 g - 9 scrolls of remove curse
 h - 3 scrolls of fear
 j - 2 scrolls of magic mapping
 l - 2 scrolls of amnesia
 p - 3 scrolls of teleportation
Potions
 a - a potion of might
 d - a potion of cancellation
 e - 6 potions of curing
 n - 2 potions of magic
 r - a potion of agility {unknown}
 s - a potion of resistance {unknown}
 z - a potion of brilliance
 E - a potion of haste
 F - a potion of heal wounds {unknown}
 H - 2 potions of lignification
 J - 2 potions of flight
Books
 D - a book of Necromancy

   Spells                             Type                      Level
   a - Pain                           Necromancy                   1
   b - Animate Skeleton               Necromancy                   1
   c - Vampiric Draining              Necromancy                   3
   d - Regeneration                   Charms/Necromancy            3
   e - Animate Dead                   Necromancy                   4
   f - Borgnjor's Vile Clutch         Necromancy/Earth             5
Comestibles
 f - 20 rations
 k - a chunk of flesh


   Skills:
 - Level 1.5 Fighting
 - Level 3.6 Throwing
 - Level 1.5 Dodging
 + Level 15.3 Unarmed Combat
 + Level 1.1 Evocations


You had 9 spell levels left.
You didn't know any spells.

Dungeon Overview and Level Annotations

Branches:
Dungeon (10/15)            Temple (1/1) D:4
   Lair: D:8-11         Orc: D:9-12

Altars:
Ashenzari
Cheibriados
Dithmenos
Elyvilon
Fedhas
Gozag
Hepliaklqana
Kikubaaqudgha
Makhleb
Nemelex Xobeh
Okawaru
Qazlal
Ru
Sif Muna
Trog
Uskayaw
Vehumet
Wu Jian
Xom
Yredelemnul
Zin
The Shining One

Shops:
D:9 *


Innate Abilities, Weirdness & Mutations

You are too large for most types of armour.
You have claws for hands.
Your metabolism is lightning-fast.
You like to eat raw meat.
Your natural rate of healing is unusually fast.
You are covered in fur. (AC +1)
You have very tough skin. (AC +2)
You cannot be stealthy.
You are hated by all.


Message History

You miss the tengu warrior.
The tengu warrior is almost dead.
The tengu warrior hits you with a battleaxe of chopping!
* * * LOW HITPOINT WARNING * * *
x2 The tengu warrior pecks you but does no damage.
The tengu warrior claws you.
* * * LOW HITPOINT WARNING * * *
You barely miss the tengu warrior.
The tengu warrior is almost dead.
You barely miss the tengu warrior. Your claw misses the tengu warrior.
The tengu warrior is almost dead.
The tengu warrior completely misses you.
The tengu warrior misses you. The tengu warrior claws you!
* * * LOW HITPOINT WARNING * * *
You scratch the tengu warrior.
The tengu warrior is almost dead.
You barely miss the tengu warrior.
The tengu warrior is almost dead.
The tengu warrior hits you with a battleaxe of chopping!
You die...

#.###.###.##.###.##.#
#.........##........#
#####.##########.#### #)#
##'## #.# ##...## #.##
##.....# #..## ##.....##
###...####.....##
#........+....@#
#.#...####.....Q(..♣
#.##.## ##....#.P..%#
#.#### ##...##..!###
###.###########...#####.#
#......#.......#'## #.#
#.#.##.#.......#.# #.#
#.#[##.#.......#.#### #.#
# #.................# #.#


You could see a tengu warrior.

Vanquished Creatures
  Erolcha (D:10)
  A two-headed ogre (D:9)
  Joseph (D:9)
  Psyche (D:8)
  A troll (D:9)
  A hippogriff (D:9)
  4 yaks (D:9)
  The ghost of Boetheseconed the Ruffian, an amateur TrMo (D:3)
  2 ice beasts
  3 sky beasts
  2 ogres (D:7)
  A black bear (D:6)
  The ghost of Morgoth the Conjurer, an amateur DgWz (D:5)
  5 centaurs
  4 big kobolds
  4 bullfrogs
  A wyvern zombie (D:10)
  6 killer bees (D:7)
  4 crimson imps
  A quasit (D:9)
  6 hounds
  An orc priest (D:8)
  A jelly (D:9)
  11 orc wizards
  3 iguanas
  Jessica (D:2)
  Natasha (thrice) (D:2)
  5 worker ants
  A worker ant zombie (D:5)
  7 adders
  5 gnolls
  2 shadow imps
  An adder skeleton (D:4)
  5 worms
  3 dart slugs
  7 leopard geckos
  19 orcs
  2 ball pythons
  7 bats
  4 giant cockroaches
  10 goblins
  8 hobgoblins
  5 jackals
  27 kobolds
  6 quokkas
  6 frilled lizards
  A jackal skeleton (D:8)
  A jackal zombie (D:6)
  A quokka skeleton (D:4)
  3 rats
207 creatures vanquished.

Vanquished Creatures (others)
  A two-headed ogre (D:8)
1 creature vanquished.

Grand Total: 208 creatures vanquished

Notes
Turn   | Place    | Note
-------+----------+-------------------------------------------
     0 | D:1      | tcjsavannah the Troll Hunter began the quest for the Orb.
     0 | D:1      | Reached XP level 1. HP: 19/19 MP: 0/0
   175 | D:1      | Reached skill level 1 in Unarmed Combat
   320 | D:1      | Reached XP level 2. HP: 27/27 MP: 1/1
   342 | D:1      | Reached skill level 2 in Unarmed Combat
   486 | D:1      | Reached XP level 3. HP: 33/33 MP: 2/2
   740 | D:2      | Noticed Jessica
   744 | D:2      | Killed Jessica
   744 | D:2      | Reached skill level 3 in Unarmed Combat
   787 | D:2      | Noticed Natasha
   797 | D:2      | HP: 1/33 [Natasha/magic dart (5)]
   798 | D:2      | Killed Natasha
   798 | D:2      | Reached skill level 4 in Unarmed Combat
   798 | D:2      | Reached XP level 4. HP: 1/41 MP: 3/3
   828 | D:2      | Noticed Natasha
   832 | D:2      | Killed Natasha
  1090 | D:2      | Noticed Natasha
  1105 | D:2      | Killed Natasha
  1105 | D:2      | Reached XP level 5. HP: 38/48 MP: 4/4
  1143 | D:2      | Reached skill level 5 in Unarmed Combat
  2122 | D:3      | Found a snail-covered altar of Cheibriados.
  2122 | D:3      | Noticed Boetheseconed's ghost (amateur TrMo)
  2135 | D:3      | Killed Boetheseconed's ghost
  2135 | D:3      | Reached skill level 6 in Unarmed Combat
  2135 | D:3      | Reached XP level 6. HP: 23/55 MP: 5/5
  2753 | D:4      | Found a staircase to the Ecumenical Temple.
  2785 | Temple   | Entered the Ecumenical Temple
  2879 | Temple   | Became a worshipper of Ru the Awakened
  3099 | D:4      | Reached skill level 7 in Unarmed Combat
  3165 | D:5      | Entered Level 5 of the Dungeon
  3188 | D:5      | Reached XP level 7. HP: 62/62 MP: 6/6
  3303 | D:5      | Noticed Morgoth's ghost (amateur DgWz)
  3314 | D:5      | Killed Morgoth's ghost
  3317 | D:5      | Reached skill level 8 in Unarmed Combat
  3470 | D:5      | Got a warped granite ring
  3495 | D:5      | Identified the ring "Bogoly Cilont" {rN+ EV+3 Int+7 Dex-3} (You found it on level 5 of the Dungeon)
  3670 | D:5      | Reached skill level 9 in Unarmed Combat
  3670 | D:5      | Reached XP level 8. HP: 56/70 MP: 7/7
  3871 | D:6      | Gained mutation: You are hated by all. [Ru sacrifice]
  3871 | D:6      | Reached * piety under Ru
  4006 | D:6      | Found a stormy altar of Qazlal.
  4226 | D:6      | Reached skill level 10 in Unarmed Combat
  5024 | D:7      | Reached skill level 11 in Unarmed Combat
  5169 | D:7      | Found a deep blue altar of Sif Muna.
  5228 | D:7      | Reached XP level 9. HP: 67/76 MP: 8/8
  5266 | D:7      | Found a bloodstained altar of Trog.
  5586 | D:7      | Gained mutation: You cannot be stealthy. [Ru sacrifice]
  5586 | D:7      | Reached ** piety under Ru
  5684 | D:7      | Reached skill level 12 in Unarmed Combat
  5829 | D:8      | Noticed Psyche
  5833 | D:8      | Killed Psyche
  6282 | D:8      | Reached skill level 13 in Unarmed Combat
  6482 | D:8      | Noticed a two-headed ogre
  6488 | D:8      | Killed a two-headed ogre
  6488 | D:8      | Reached skill level 1 in Evocations
  6639 | D:9      | Noticed Joseph
  6653 | D:9      | Killed Joseph
  6683 | D:9      | Noticed a troll
  6685 | D:9      | Killed a troll
  6685 | D:9      | Reached XP level 10. HP: 85/85 MP: 9/9
  6794 | D:9      | Noticed a two-headed ogre
  6800 | D:9      | Killed a two-headed ogre
  6800 | D:9      | Reached skill level 14 in Unarmed Combat
  6837 | D:9      | Found Xazo's General Store.
  7223 | D:10     | Entered Level 10 of the Dungeon
  7240 | D:10     | Noticed Erolcha
  7251 | D:10     | Killed Erolcha
  7251 | D:10     | Reached skill level 15 in Unarmed Combat
  7355 | D:10     | Noticed a tengu warrior
  7371 | D:10     | Slain by a tengu warrior

Skill      XL: |  1  2  3  4  5  6  7  8  9 10 |
---------------+-------------------------------+-----
Unarmed Combat | 1 2 4 6 7 9 11 13 15 | 15.3
Evocations     | 1 |  1.1
Fighting       | |  1.5
Throwing       | |  3.6
Dodging        | |  1.5

Action                   |  1- 3 |  4- 6 |  7- 9 | 10-12 || total
-------------------------+-------+-------+-------+-------++-------
Melee: Unarmed           |    46 |   181 |   283 |    91 ||   601
       Punch             |       |     5 |     8 |     3 ||    16
 Fire: Blowgun           |       |       |    12 |     5 ||    17
Throw: Throwing net      |     2 |       |       |       ||     2
       Large rock        |     3 |     4 |    11 |     3 ||    21
       Tomahawk          |       |       |    13 |     3 ||    16
Invok: Sacrifice Love    |       |       |     1 |       ||     1
       Sacrifice Stealth |       |       |     1 |       ||     1
       Reject Sacrifices |       |       |       |     1 ||     1
Evoke: Wand              |       |     3 |     2 |     1 ||     6
  Use: Scroll            |       |     9 |     7 |     3 ||    19
       Potion            |       |     1 |     2 |     1 ||     4
 Stab: Paralysed         |       |     1 |       |       ||     1
       Distracted        |       |       |       |     1 ||     1
  Eat: Chunk             |     7 |    28 |    32 |     6 ||    73
Armor: Robe              |    16 |    58 |    71 |    30 ||   175
       Skin              |       |       |     5 |       ||     5
Dodge: Dodged            |    14 |    82 |   149 |    39 ||   284
Block: Other             |       |     2 |    49 |    14 ||    65
       Reflection        |       |       |     8 |       ||     8
